 Dungeon Crawl Stone Soup version 0.17.1-2-g5865329 (webtiles) character file.

434 Peloso the Covered (level 6, -1/53 HPs)
             Began as a Minotaur Fighter on Feb 3, 2016.
             Slain by an iguana (8 damage)
             ... on level 4 of the Dungeon.
             The game lasted 00:08:11 (2871 turns).

Peloso the Covered (Minotaur Fighter)               Turns: 2871, Time: 00:08:11

Health: -1/53      AC:  7    Str: 26    XL:     6   Next: 67%
Magic:  5/5        EV:  9    Int:  5    God:
Gold:   341        SH: 10    Dex: 11    Spells: 0 memorised, 5 levels left

rFire  + . .     SeeInvis .     a - +0 long sword
rCold  x . .     Clarity  .     b - +0 scale mail
rNeg   . . .     SustAt   .     c - +0 shield
rPois  .         Gourm    .     (helmet restricted)
rElec  .         Spirit   .     (no cloak)
rCorr  .         Warding  .     (no gloves)
rMut   .         Stasis   .     (no boots)
MR     .....                    (no amulet)
Stlth  ..........               (no ring)
                                t - ring of fire

@: mighty, lethally poisoned (-1 -> -12), glowing, not resistant to hostile
enchantments, extremely unstealthy
A: retaliatory headbutt, horns 2
a: no special abilities


You were on level 4 of the Dungeon.
You were not hungry.

You visited 1 branch of the dungeon, and saw 4 of its levels.
You also visited: Sewer.

You collected 341 gold pieces.

Inventory:

Hand Weapons
 a - a +0 long sword (weapon)
Armour
 b - a +0 scale mail (worn)
 c - a +0 shield (worn)
Jewellery
 t - a ring of fire (left hand)
Wands
 y - a wand of frost (25)
Scrolls
 i - 6 scrolls of identify {unknown}
 j - a scroll of enchant weapon {unknown}
 l - 3 scrolls of remove curse {unknown}
 n - 5 scrolls of amnesia {unknown}
 q - a scroll of fog {unknown}
 u - 2 scrolls of fear {unknown}
 z - 2 scrolls of teleportation {unknown}
Potions
 f - 3 potions of agility {unknown}
 g - a potion of haste {unknown}
 k - 2 potions of lignification {unknown}
 m - 3 potions of flight {unknown}
 p - a potion of magic {unknown}
 r - a potion of cure mutation {unknown}
 v - a potion of mutation {unknown}
 x - a potion of cancellation {unknown}
 A - a potion of heal wounds {unknown}
Books
 o - a book of Annihilations

   Spells                             Type                      Level
   a - Poison Arrow                   Conjuration/Poison           6
   b - Chain Lightning                Conjuration/Air              8
   c - Lehudib's Crystal Spear        Conjuration/Earth            8
   d - Glaciate                       Conjuration/Ice              9
   e - Fire Storm                     Conjuration/Fire             9
Comestibles
 e - 2 bread rations
 h - 8 fruits
 s - 3 meat rations
 w - a royal jelly
 B - 2 chunks of flesh


   Skills:
 + Level 4.6 Fighting
 + Level 3.9 Long Blades
 + Level 5.6 Armour
 + Level 3.4 Dodging
 + Level 5.3 Shields


You had 5 spell levels left.
You didn't know any spells.

Dungeon Overview and Level Annotations

Branches:
Dungeon (4/15)
 Temple: D:4-7

Altars:
Cheibriados
Elyvilon
Okawaru
Ru
Sif Muna
Vehumet


Innate Abilities, Weirdness & Mutations

You reflexively headbutt those who attack you in melee.
You have a pair of horns on your head.


Message History

You hit the iguana but do no damage.
You feel sick.
The iguana bites you but does no damage.
Nuller26's ghost barely misses you. You furiously retaliate!
You headbutt nuller26's ghost!
You destroy nuller26's ghost!
The iguana bites you but does no damage.
You hit the iguana.
The iguana is lightly wounded.
You feel sick. The iguana bites you.
* * * LOW HITPOINT WARNING * * *
Your shield and scale mail prevent you from hitting the iguana.
Your headbutt misses the iguana.
The iguana is lightly wounded.
* * * LOW HITPOINT WARNING * * *
You feel sick. You block the iguana's attack.
You barely miss the iguana.
The iguana is lightly wounded.
* * * LOW HITPOINT WARNING * * *
You feel sick. The iguana bites you!
You die...

.......###
.........##
.......
..........##
.......
...........##
.......
......####..#
.......
......## ##.###
.......
.......# ##..##
.......
.......#
##..###.......
..(....#
##..@l...[...
.......#
#...........
########
###...........
##...........).
#......###.....
#.###### #....
#.# (... #.#
..# #.# ####


You could see an iguana.

Vanquished Creatures
  The ghost of nuller26 the Sneak, an amateur SpEn (D:4)
  Purgy (Sewer)
  An iguana (D:4)
  A worker ant (D:4)
  Robin (D:2)
  4 gnolls
  5 adders
  2 oozes
  2 worms (D:2)
  2 giant geckos (D:1)
  2 orcs (D:4)
  5 bats
  5 giant cockroaches
  19 goblins
  5 hobgoblins
  6 jackals
  9 kobolds
  4 giant newts
  A quokka (D:2)
  14 rats
90 creatures vanquished.

Notes
Turn   | Place    | Note
--------------------------------------------------------------
     0 | D:1      | Peloso the Minotaur Fighter began the quest for the Orb.
     0 | D:1      | Reached XP level 1. HP: 19/19 MP: 0/0
   261 | D:1      | Reached XP level 2. HP: 27/27 MP: 1/1
   262 | D:1      | Reached skill level 4 in Armour
   615 | D:2      | Found a sacrificial altar of Ru.
   616 | D:2      | Found a radiant altar of Vehumet.
   616 | D:2      | Found a snail-covered altar of Cheibriados.
   616 | D:2      | Found an iron altar of Okawaru.
   635 | D:1      | Reached XP level 3. HP: 11/33 MP: 2/2
  1012 | D:2      | Reached XP level 4. HP: 32/40 MP: 3/3
  1088 | D:2      | Noticed Robin
  1097 | D:2      | Reached skill level 1 in Dodging
  1114 | D:2      | Killed Robin
  1331 | D:2      | Found a white marble altar of Elyvilon.
  1531 | D:2      | Found a deep blue altar of Sif Muna.
  1624 | D:3      | Reached XP level 5. HP: 43/46 MP: 4/4
  2020 | D:4      | Found a glowing drain.
  2024 | Sewer    | Entered a sewer
  2181 | Sewer    | Noticed Purgy
  2192 | Sewer    | Killed Purgy
  2192 | Sewer    | Reached skill level 5 in Armour
  2192 | Sewer    | Reached skill level 5 in Shields
  2192 | Sewer    | Reached XP level 6. HP: 38/53 MP: 5/5
  2850 | D:4      | Noticed nuller26's ghost (amateur SpEn)
  2868 | D:4      | Killed nuller26's ghost
  2871 | D:4      | Slain by an iguana

Action                   |  1- 3 |  4- 6 || total
-------------------------+-------+-------++-------
Melee: Long sword        |    59 |   184 ||   243
  Use: Potion            |       |     1 ||     1
  Eat: Chunk             |       |     7 ||     7
